 Dungeon Crawl Stone Soup version 0.21-a0-634-gaf8bc5d (webtiles) character file.

13636 Popoto the Spear-Bearer (level 11, -19/94 HPs)
             Began as a Purple Draconian Gladiator on Dec 29, 2017.
             Was a Believer of Kikubaaqudgha.
             Killed from afar by Josephine (33 damage)
             ... with a ghostly fireball
             ... on level 11 of the Dungeon.
             The game lasted 01:01:11 (15891 turns).

Popoto the Spear-Bearer (DrGl)                     Turns: 15891, Time: 01:01:11

Health: -19/94     AC: 11    Str: 17    XL:     11   Next: 78%
Magic:  14/14      EV: 13    Int: 12    God:    Kikubaaqudgha [**....]
Gold:   706        SH: 13    Dex: 22    Spells: 10/10 levels left

rFire    . . .     SeeInvis +   a - +0 trident
rCold    + + .     Gourm    .   q - +2 shield of Vahiomiss {+Fly rC+}
rNeg     . . .     Faith    .   (armour unavailable)
rPois    +         Spirit   .   b - +0 hat
rElec    .         Reflect  .   A - +1 cloak
rCorr    .         Harm     .   H - +0 pair of gloves
MR       +....                  o - +0 pair of boots
Stlth    ..........             w - amulet of magic regeneration
HPRegen  0.25/turn              n - ring of the Gastropod {Dex+6 SInv Stlth-}
MPRegen  0.39/turn              D - ring "Haetz" {rPois rC+ Int+4 Stlth-}

@: very heavily drained
A: breathe power, unfitting armour, cold-blooded, AC +7
a: Breathe Dispelling Energy, Receive Corpses, Renounce Religion, Evoke Flight


You were on level 11 of the Dungeon.
You worshipped Kikubaaqudgha.
Kikubaaqudgha was pleased with you.
You were hungry.

You visited 2 branches of the dungeon, and saw 12 of its levels.

You collected 706 gold pieces.

Inventory:

Hand Weapons
 a - a +0 trident (weapon)
 g - a +4 hunting sling
 y - a +2 quarterstaff of chaos
 P - a +0 spear of pain
Missiles
 j - 266 stones
 u - a throwing net (quivered)
Armour
 b - a +0 hat (worn)
 k - a +0 buckler
 o - a +0 pair of boots (worn)
 q - the +2 shield of Vahiomiss (worn) {+Fly rC+}
   (You found it on level 6 of the Dungeon)

   It protects you from cold.
   It lets you fly.
 A - a +1 cloak (worn)
 H - a +0 pair of gloves (worn)
Jewellery
 n - the ring of the Gastropod (left hand) {Dex+6 SInv Stlth-}
   (You took it off a deep elf mage on level 7 of the Dungeon)

   [ring of see invisible]

   It affects your dexterity (+6).
   It lets you see invisible.
   It makes you less stealthy.
 r - an uncursed ring of flight
 v - a +3 ring of strength
 w - an amulet of magic regeneration (around neck)
 D - the ring "Haetz" (right hand) {rPois rC+ Int+4 Stlth-}
   (You found it on level 7 of the Dungeon)

   [ring of loudness]

   It affects your intelligence (+4).
   It protects you from cold.
   It protects you from poison.
   It makes you less stealthy.
 E - the ring "Fiqerisu" {Fire Str+6}
   (You found it on level 7 of the Dungeon)

   [ring of fire]

   It enhances your fire magic.
   It affects your strength (+6).
   It protects you from fire.
   It makes you vulnerable to cold.
 F - the ring "Fooqeta" {MP+9 Str+3}
   (You found it on level 7 of the Dungeon)

   [ring of magical power]

   It affects your strength (+3).
   It affects your magic capacity (+9).
 G - a +3 ring of protection {unknown}
 O - a cursed ring of loudness {unknown}
 Q - an uncursed ring of resist corrosion {unknown}
Wands
 m - a wand of digging (63)
 s - a wand of flame (22)
 z - a wand of iceblast (3)
Scrolls
 e - 2 scrolls of identify
 f - 3 scrolls of remove curse
 p - a scroll of blinking
 t - a scroll of enchant weapon {unknown}
 B - a scroll of random uselessness {unknown}
 C - 2 scrolls of amnesia
 N - 3 scrolls of teleportation
 R - 2 scrolls of magic mapping
Potions
 c - 2 potions of brilliance
 h - 2 potions of flight
 i - 2 potions of heal wounds
 l - 2 potions of curing
 x - 3 potions of degeneration
 I - 2 potions of cancellation {unknown}
 J - a potion of agility
 L - a potion of haste {unknown}
Books
 K - Kikubaaqudgha's Papyrus of Necromancy
   (Kikubaaqudgha gifted it to you on level 8 of the Dungeon)

   Spells                             Type                      Level
   a - Pain                           Necromancy                   1
   b - Corpse Rot                     Necromancy                   2
   c - Sublimation of Blood           Necromancy                   2
   d - Regeneration                   Charms/Necromancy            3
 M - a Young Poisoner's Handbook

   Spells                             Type                      Level
   a - Sting                          Conjuration/Poison           1
   b - Poisonous Vapours              Poison/Air                   2
   c - Mephitic Cloud                 Conjuration/Poison/Air       3
   d - Olgreb's Toxic Radiance        Poison                       4
   e - Venom Bolt                     Conjuration/Poison           5
Comestibles
 d - 28 rations


   Skills:
 + Level 7.8(4.2) Fighting
 + Level 11.5(7.5) Polearms
 - Level 1.7(0.0) Throwing
 + Level 7.4(3.8) Dodging
 + Level 10.3(6.4) Shields
 * Level 3.9(0.6) Necromancy
 - Level 4.1(0.8) Evocations


You had 10 spell levels left.
You didn't know any spells.

Dungeon Overview and Level Annotations

Branches:
Dungeon (11/15)            Temple (1/1) D:5            Lair (0/6) D:10
    Orc (0/2) D:11

Altars:
Ashenzari
Cheibriados
Dithmenos
Elyvilon
Fedhas
Gozag
Hepliaklqana
Kikubaaqudgha
Makhleb
Nemelex Xobeh
Okawaru
Qazlal
Ru
Sif Muna
Trog
Uskayaw
Vehumet
Wu Jian
Xom
Yredelemnul
Zin
The Shining One

Shops:
D:6 (   D:10 !!*

Annotations:
D:11 Josephine


Innate Abilities, Weirdness & Mutations

You can breathe bolts of dispelling energy.
Your rich purple scales are hard. (AC +7)
You cannot fit into any form of body armour.
You are cold-blooded and may be slowed by cold attacks.


Message History

You closely miss the wraith.
You tail-slap the wraith, but do no damage.
The wraith is lightly damaged.
Josephine casts a spell at you.
The ghostly flame explodes!
The ghostly fireball engulfs the wraith.
The wraith completely resists.
The ghostly fireball engulfs Josephine.
Josephine completely resists.
The ghostly fireball engulfs you!
You feel drained.
* * * LOW HITPOINT WARNING * * *
You block the wraith's attack.
You hear a bellow!
Josephine gestures at you while chanting.
The ghostly flame explodes!
The ghostly fireball engulfs you!
You feel drained.
* * * LOW HITPOINT WARNING * * *
You hear a bellow!
Josephine gestures at you while chanting.
The ghostly flame explodes!
The ghostly fireball engulfs you!
You feel drained.
You die...
Kikubaaqudgha rasps: "You have failed me!
Welcome... death!" ###.# #W# #W# #@# K.. #.# .KK

#.# .. #.# ##.#
#####.## #..
#.....@# #.#
#......# ####'##
#......# #.....#
#......######.....+
#.....>.....'.....#
#......######.....#
#####.## ####)##
##..# #)# ###..##
##(#


You could see Josephine and 2 wraiths.

Vanquished Creatures
  Gastronok (D:8)
  A centaur warrior (D:9)
  2 two-headed ogres
  An unseen horror (D:7)
  Pikel (D:6)
  A deep elf mage (D:7)
  An ugly thing (D:7)
  A centaur skeleton (D:11)
  A kobold demonologist (D:11)
  A troll (D:10)
  Grinder (D:6)
  Prince Ribbit (D:5)
  3 hippogriffs
  A spriggan (D:7)
  A vampire (D:11)
  2 yaks
  A wyvern (D:9)
  A hungry ghost (D:8)
  A vampire mosquito (D:7)
  Eustachio (D:4)
  Menkaure (D:5)
  2 water moccasins
  Duvessa (D:5)
  3 black bears
  2 ice beasts
  3 orc warriors
  3 ogres
  4 phantoms
  2 centaurs
  3 big kobolds
  6 bullfrogs
  A gnoll sergeant (D:8)
  A wyvern zombie (D:9)
  An elf skeleton (D:8)
  Dowan (D:5)
  3 scorpions
  A water moccasin skeleton (D:7)
  A wyvern skeleton (D:10)
  A troll zombie (D:8)
  13 killer bees
  3 wights (D:8)
  2 howler monkeys
  3 bullfrog zombies
  4 crimson imps
  A centaur zombie (D:10)
  2 quasits
  Crazy Yiuf (D:6)
  A gnoll shaman (D:9)
  5 human zombies (D:8)
  5 bullfrog skeletons
  6 hounds
  2 jellies
  3 orc priests
  5 iguanas
  9 orc wizards
  7 worker ants
  Ijyb (D:3)
  An ogre zombie (D:8)
  A mummy (D:8)
  10 gnolls
  7 adders
  A shadow imp (D:6)
  An ooze (D:6)
  2 adder skeletons
  4 worms
  3 dart slugs
  5 leopard geckos
  30 orcs
  4 ball pythons
  5 giant cockroaches
  3 goblins
  5 hobgoblins
  10 jackals
  5 quokkas
  5 bats
  4 frilled lizards
  25 kobolds
  A quokka skeleton (D:4)
  A quokka zombie (D:5)
  7 rats
277 creatures vanquished.

Vanquished Creatures (others)
  3 slaves (D:6)
  3 ogres (D:6)
  Blork the orc (D:6)
  A scorpion (D:6)
  A howler monkey (D:6)
  2 orc priests (D:6)
  A worker ant (D:6)
  An orc (D:6)
13 creatures vanquished.

Grand Total: 290 creatures vanquished

Notes
Turn   | Place    | Note
-------+----------+-------------------------------------------
     0 | D:1      | Popoto the Draconian Gladiator began the quest for the Orb.
     0 | D:1      | Reached XP level 1. HP: 17/17 MP: 1/1
   229 | D:1      | Reached XP level 2. HP: 24/24 MP: 2/2
  1108 | D:2      | Reached XP level 3. HP: 30/30 MP: 3/3
  1581 | D:2      | Reached skill level 4 in Polearms
  2055 | D:3      | Found a glowing golden altar of the Shining One.
  2210 | D:3      | Noticed Ijyb
  2235 | D:3      | Killed Ijyb
  2235 | D:3      | Reached XP level 4. HP: 31/37 MP: 4/4
  2460 | D:3      | Reached skill level 1 in Shields
  2919 | D:3      | Reached XP level 5. HP: 37/44 MP: 5/5
  3154 | D:3      | Found a shattered altar of Ashenzari.
  3555 | D:4      | Reached skill level 5 in Polearms
  3562 | D:4      | Noticed Eustachio
  3593 | D:4      | Killed Eustachio
  3593 | D:4      | Reached XP level 6. HP: 29/51 MP: 6/6
  4212 | D:4      | Reached skill level 6 in Polearms
  4212 | D:4      | Your scales start taking on a rich purple colour.
  4212 | D:4      | Reached XP level 7. HP: 43/57 MP: 7/7
  4474 | D:4      | Found a burning altar of Makhleb.
  4476 | D:4      | Found a glowing silver altar of Zin.
  4476 | D:4      | Noticed a cacodemon
  4476 | D:4      | Noticed an angel
  4764 | D:5      | Entered Level 5 of the Dungeon
  4900 | D:5      | Noticed Prince Ribbit
  4909 | D:5      | Killed Prince Ribbit
  4909 | D:5      | Reached skill level 7 in Polearms
  4909 | D:5      | Reached XP level 8. HP: 38/66 MP: 8/8
  5100 | D:5      | Noticed Menkaure
  5111 | D:5      | Killed Menkaure
  5141 | D:5      | Found a shattered altar of Ashenzari.
  5141 | D:5      | Found a shimmering altar of Xom.
  5141 | D:5      | Found an iron altar of Okawaru.
  5141 | D:5      | Found a bloodstained altar of Trog.
  5142 | D:5      | Found a shimmering altar of Xom.
  5142 | D:5      | Found a shattered altar of Ashenzari.
  5142 | D:5      | Found a sparkling altar of Nemelex Xobeh.
  5142 | D:5      | Found a blossoming altar of Fedhas.
  5142 | D:5      | Found a stormy altar of Qazlal.
  5145 | D:5      | Found a deep blue altar of Sif Muna.
  5145 | D:5      | Found a stormy altar of Qazlal.
  5146 | D:5      | Found a hide-covered altar of Uskayaw.
  5146 | D:5      | Found a staircase to the Ecumenical Temple.
  5151 | D:5      | Noticed Duvessa
  5475 | D:5      | Noticed Dowan
  5568 | D:5      | Reached skill level 5 in Dodging
  5785 | Temple   | Entered the Ecumenical Temple
  5971 | D:6      | Noticed Pikel
  6010 | D:6      | Killed Pikel
  6010 | D:6      | Reached skill level 5 in Fighting
  6010 | D:6      | Reached skill level 8 in Polearms
  6036 | D:6      | Got an encrusted shield
  6043 | D:6      | Noticed Blork the orc
  6121 | D:6      | Killed Blork the orc
  6419 | D:6      | Identified the +2 shield of Vahiomiss {+Fly rC+} (You found it on level 6 of the Dungeon)
  6539 | D:6      | Found a runed door.
  6608 | D:6      | Found Noemavom's Antique Weapon Boutique.
  6787 | D:5      | Killed Duvessa
  6787 | D:5      | Reached XP level 9. HP: 48/74 MP: 9/9
  6800 | D:5      | Killed Dowan
  7013 | D:5      | Found an ornate altar of the Wu Jian Council.
  7068 | D:5      | Found a bloodstained altar of Trog.
  7284 | D:6      | Noticed Grinder
  7368 | D:6      | Killed Grinder
  7368 | D:6      | Reached skill level 9 in Polearms
  7368 | D:6      | Reached skill level 5 in Shields
  7503 | D:6      | Found a radiant altar of Vehumet.
  7725 | D:6      | Noticed Crazy Yiuf
  7730 | D:6      | Killed Crazy Yiuf
  8492 | D:7      | Reached skill level 1 in Evocations
  8920 | D:7      | Noticed a purple ugly thing
  8922 | D:7      | Noticed a deep elf mage
  8934 | D:7      | Reached XP level 10. HP: 59/83 MP: 11/11
  9284 | D:7      | Killed a purple ugly thing
  9422 | D:7      | Found an opulent altar of Gozag.
  9868 | D:7      | Killed a deep elf mage
  9868 | D:7      | Reached skill level 10 in Polearms
  9872 | D:7      | Got a brightly glowing golden ring
 10546 | D:7      | Killed an unseen horror
 10645 | D:7      | Identified the ring of the Gastropod {Dex+6 SInv Stlth-} (You took it off a deep elf mage on level 7 of the Dungeon)
 10652 | D:7      | Got a glittering copper ring
 10655 | D:7      | Identified the ring "Haetz" {rPois rC+ Int+4 Stlth-} (You found it on level 7 of the Dungeon)
 10663 | D:7      | Got a faintly glowing lead ring
 10666 | D:7      | Got a slimy marble ring
 11066 | D:8      | Found a hazy altar of Hepliaklqana.
 11156 | D:8      | Found an ancient bone altar of Kikubaaqudgha.
 11192 | D:8      | Became a worshipper of Kikubaaqudgha
 11213 | D:8      | Found a basalt altar of Yredelemnul.
 11454 | D:8      | Identified the ring "Fiqerisu" {Fire Str+6} (You found it on level 7 of the Dungeon)
 11455 | D:8      | Identified the ring "Fooqeta" {MP+9 Str+3} (You found it on level 7 of the Dungeon)
 11484 | D:8      | Reached skill level 1 in Necromancy
 11807 | D:8      | Noticed Gastronok
 11833 | D:8      | Killed Gastronok
 11833 | D:8      | Reached XP level 11. HP: 29/92 MP: 14/14
 12145 | D:8      | Reached * piety under Kikubaaqudgha
 12145 | D:8      | Identified Kikubaaqudgha's Papyrus of Necromancy (Kikubaaqudgha gifted it to you on level 8 of the Dungeon)
 12145 | D:8      | Received a gift from Kikubaaqudgha
 12304 | D:9      | Noticed a centaur warrior
 12474 | D:9      | Noticed a two-headed ogre
 12866 | D:8      | Killed a two-headed ogre
 12866 | D:8      | Reached skill level 11 in Polearms
 13031 | D:9      | Killed a centaur warrior
 13383 | D:9      | Found a sacrificial altar of Ru.
 13384 | D:9      | Found a hide-covered altar of Uskayaw.
 13817 | D:10     | Entered Level 10 of the Dungeon
 14064 | D:10     | Found Faisuuc's Distillery.
 14170 | D:10     | Found Waqaf's General Store.
 14182 | D:10     | Found a staircase to the Lair.
 14415 | D:10     | Found Ynin's Distillery.
 14422 | D:10     | Reached ** piety under Kikubaaqudgha
 14480 | D:10     | Reached skill level 10 in Shields
 15252 | D:11     | Found a staircase to the Orcish Mines.
 15282 | D:11     | Noticed a two-headed ogre
 15326 | D:11     | Killed a two-headed ogre
 15824 | D:11     | Noticed Josephine
 15891 | D:11     | Killed from afar by Josephine

Vault maps used:
D:1:      erik_arrival_cave_to_civilisation, hangedman_decor_lopped, hex_medium
D:3:      nicolae_overflow_hidden_temple, tso_metal_star, serial_bayou_ford_a,
          cheibrodos_ashenzari_chains, uniq_ijyb
D:4:      grunt_temple_overflow_order_and_chaos_2, first_ration, uniq_eustachio
D:5:      kennysheep_mini_moat, lightli_temple_of_fire, temple_doors_ab,
          uniq_prince_ribbit1, uniq_duvessa, uniq_menkaure
D:6:      nicolae_overflow_crystal_walls, serial_shops,
          nicolae_shop_competitors_out_of_business, uniq_grinder,
          uniq_blork_the_orc, uniq_pikel, uniq_crazy_yiuf_cottage
D:7:      minmay_the_grid_triangle_9x9_recursive_2, grunt_gozag_statues,
          the_bakery
D:8:      lemuel_mausoleum_altar_yredelemnul, kennysheep_mini,
          overflow_temple_1_default, minmay_stone_trees_small, uniq_gastronok
D:9:      eat_drink_and_be_merry_uskayaw, basic_altar
D:10:     dpeg_oklobed_lair, serial_shops, nicolae_shop_stone, shop, shop
D:11:     orc_0_dummy, uniq_josephine
Temple:   eino_temple_lava

Skill      XL: |  1  2  3  4  5  6  7  8  9 10 11 |
---------------+----------------------------------+-----
Dodging        | 3 4 5 6 7 |  7.4
Polearms       | 4 5 6 7 8 9 10 11 | 11.5
Shields        | 1 2 3 4 7 9 10 | 10.3
Fighting       | 3 4 5 6 7 |  7.8
Evocations     | 2 4 |  4.1
Necromancy     | 2 3 |  3.9
Throwing       | |  1.7

Action                   |  1- 3 |  4- 6 |  7- 9 | 10-12 || total
-------------------------+-------+-------+-------+-------++-------
Melee: Trident           |   148 |   150 |   444 |   638 ||  1380
       Tailslap          |    21 |    11 |    66 |   210 ||   308
       Spear             |       |       |       |   370 ||   370
Throw: Throwing net      |       |       |     3 |       ||     3
 Abil: Breathe Dispellin |       |       |     7 |     5 ||    12
  Use: Scroll            |     2 |       |     4 |    11 ||    17
       Potion            |       |       |     4 |     6 ||    10
 Stab: Sleeping          |     3 |     3 |     1 |     1 ||     8
       Invisible         |       |       |     2 |       ||     2
       Held in net/web   |       |       |     1 |       ||     1
  Eat: Chunk             |     4 |     7 |    16 |    11 ||    38
       Ration            |       |       |       |     4 ||     4
Armor: Skin              |    23 |    32 |    75 |   115 ||   245
Dodge: Dodged            |    69 |    56 |   214 |   291 ||   630
Block: Buckler           |     7 |    17 |    23 |       ||    47
       Shield            |       |       |   162 |   461 ||   623

Table legend:
 A = Spawn XP
 B = Non-spawn XP
 C = Spawn XP percentage of total XP
 D = Spawn monster count
 E = Non-spawn monster count
 F = Spawn count percentage of total count
 G = Total turns spent on level
                    A         B        C        D         E        F      G
               +---------+---------+-------+---------+---------+-------+---------
         Total |       0 |   19480 |   0.0 |       0 |     277 |   0.0 | 15891
               +---------+---------+-------+---------+---------+-------+---------
           D:1 |       0 |      35 |   0.0 |       0 |      21 |   0.0 |   993
           D:2 |       0 |      49 |   0.0 |       0 |      20 |   0.0 |  1284
           D:3 |       0 |     143 |   0.0 |       0 |      21 |   0.0 |  1136
           D:4 |       0 |     738 |   0.0 |       0 |      19 |   0.0 |  1856
           D:5 |       0 |    1138 |   0.0 |       0 |      20 |   0.0 |  1160
           D:6 |       0 |    1652 |   0.0 |       0 |      18 |   0.0 |  2185
           D:7 |       0 |    4548 |   0.0 |       0 |      46 |   0.0 |  2319
           D:8 |       0 |    5577 |   0.0 |       0 |      54 |   0.0 |  1893
           D:9 |       0 |    1553 |   0.0 |       0 |      16 |   0.0 |   916
          D:10 |       0 |    1757 |   0.0 |       0 |      30 |   0.0 |  1417
          D:11 |       0 |    2290 |   0.0 |       0 |      12 |   0.0 |   657
               +---------+---------+-------+---------+---------+-------+---------
